 Dungeon Crawl Stone Soup version 0.22-a0-388-g09e6169 (webtiles) character file.

802 Alphaeus the Shield-Bearer (level 8, -6/61 HPs)
             Began as a Formicid Fighter on Apr 29, 2018.
             Mangled by an ice beast (14 damage)
             ... on level 5 of the Dungeon.
             The game lasted 00:03:44 (5652 turns).

Alphaeus the Shield-Bearer (Formicid Fighter)       Turns: 5652, Time: 00:03:45

Health: -6/61      AC:  8    Str: 22    XL:     8   Next: 14%
Magic:  8/8        EV: 10    Int:  7    God:
Gold:   129        SH: 10    Dex: 12    Spells: 7/7 levels left

rFire    + + .     SeeInvis +   a - +0 war axe
rCold    x . .     Gourm    .   c - +0 shield
rNeg     . . .     Faith    .   l - +0 scale mail {rF+}
rPois    .         Spirit   .   (helmet unavailable)
rElec    .         Reflect  .   (no cloak)
rCorr    .         Harm     +   b - +0 pair of gloves
MR       .....                  (no boots)
Stlth    ..........             p - amulet of harm
HPRegen  0.20/turn              h - ring of fire
MPRegen  0.11/turn              (no ring)

@: no status effects
A: permanent stasis, dig shafts and tunnels, four strong arms, antennae 3
a: Dig, Shaft Self


You were on level 5 of the Dungeon.
You were not hungry.

You visited 1 branch of the dungeon, and saw 5 of its levels.

You collected 239 gold pieces.
You spent 110 gold pieces at shops.

Inventory:

Hand Weapons
 a - a +0 war axe (weapon)
 d - a +0 triple crossbow
Armour
 b - a +0 pair of gloves (worn)
 c - a +0 shield (worn)
 l - a +0 scale mail of fire resistance (worn)
Jewellery
 h - a ring of fire (left hand)
 p - an amulet of harm (around neck)
 y - an uncursed amulet of faith {unknown}
Wands
 u - a wand of polymorph (14)
Scrolls
 e - 4 scrolls of identify {unknown}
 i - 2 scrolls of enchant armour {unknown}
 m - 2 scrolls of enchant weapon {unknown}
 n - a scroll of noise {unknown}
 r - a scroll of immolation {unknown}
 s - a scroll of fog {unknown}
 v - a scroll of remove curse {unknown}
 x - a scroll of blinking {unknown}
Potions
 g - a potion of curing
 j - 2 potions of resistance {unknown}
 k - 2 potions of degeneration {unknown}
 o - 2 potions of brilliance {unknown}
 q - 2 potions of magic {unknown}
 t - a potion of haste {unknown}
Comestibles
 f - 9 rations
 w - 2 chunks of flesh


   Skills:
 + Level 4.6 Fighting
 * Level 4.7 Axes
 * Level 2.2 Crossbows
 + Level 4.7 Armour
 + Level 2.4 Dodging
 * Level 6.3 Shields


You had 7 spell levels left.
You didn't know any spells.

Dungeon Overview and Level Annotations

Branches:
Dungeon (5/15)             Temple (0/1) D:5

Altars:
Elyvilon
Makhleb
Vehumet

Shops:
D:4 *(


Innate Abilities, Weirdness & Mutations

You cannot be hasted, slowed, berserked, paralysed or teleported.
You can dig through walls and to a lower floor.
Your four strong arms can wield two-handed weapons with a shield.
You have a pair of large antennae on your head. (SInv)


Message History

You feel a terrible chill!
The phantom hits you but does no damage.
You hit the ice beast but do no damage.
The ice beast is severely wounded.
You barely miss the phantom. You block the ice beast's attack.
The phantom hits you.
You barely miss the ice beast.
The ice beast is severely wounded.
You hit the phantom but do no damage. You block the ice beast's attack.
The phantom hits you. The ice beast hits you. The ice beast freezes you!
You feel a terrible chill!
* * * LOW HITPOINT WARNING * * *
The phantom hits you.
* * * LOW HITPOINT WARNING * * *
You hit the ice beast but do no damage.
The ice beast is severely wounded.
You hit the phantom but do no damage. The ice beast hits you.
* * * LOW HITPOINT WARNING * * *
The ice beast freezes you!
You feel a terrible chill!
You die...

#. ####.# #..... ...
#....# #.....
<...#####.##.# #.#.##
......#...##... #.#.#
#...######... ..#..
###.#######......####
#..$)..#.....
######......?.....
......Y@..........
.......W......>.
................
...≈§§..........
..≈§§≈≈.........
.§§§§§≈§$.......
.§§≈>§§§.......
.§≈§§§≈§....#..


You could see a phantom and an ice beast.

Vanquished Creatures
  Grinder (D:4)
  3 ogres
  A scorpion (D:5)
  A crimson imp (D:5)
  A centaur skeleton (D:4)
  Terence (D:2)
  2 worker ants
  A hound skeleton (D:4)
  3 gnolls (D:5)
  3 adders
  A dart slug (D:1)
  3 worms
  3 leopard geckos
  4 orcs (D:3)
  3 bats
  7 giant cockroaches
  9 hobgoblins
  13 kobolds
  2 quokkas
  6 frilled lizards
  9 goblins
  10 rats
87 creatures vanquished.

Notes
Turn   | Place    | Note
-------+----------+-------------------------------------------
     0 | D:1      | Alphaeus the Formicid Fighter began the quest for the Orb.
     0 | D:1      | Reached XP level 1. HP: 18/18 MP: 1/1
   105 | D:1      | Reached XP level 2. HP: 15/24 MP: 2/2
   334 | D:1      | Reached skill level 4 in Shields
   472 | D:1      | Reached XP level 3. HP: 22/29 MP: 3/3
  1137 | D:2      | You fall through a shaft!
  1301 | D:3      | Reached XP level 4. HP: 31/35 MP: 4/4
  1744 | D:2      | Noticed Terence
  1754 | D:2      | Killed Terence
  1754 | D:2      | Reached skill level 1 in Dodging
  2508 | D:2      | Reached XP level 5. HP: 42/42 MP: 5/5
  3960 | D:4      | Found Zaseum's Assorted Antiques.
  3964 | D:4      | Found Ikola's Weapon Boutique.
  3968 | D:4      | Noticed Grinder
  3981 | D:4      | Reached skill level 5 in Shields
  3991 | D:4      | Killed Grinder
  3991 | D:4      | Reached XP level 6. HP: 8/48 MP: 6/6
  3991 | D:4      | Reached XP level 7. HP: 9/54 MP: 7/7
  3994 | D:4      | Bought a +0 triple crossbow for 110 gold pieces
  4282 | D:4      | Found a burning altar of Makhleb.
  4638 | D:4      | Reached skill level 1 in Crossbows
  4850 | D:4      | Found a radiant altar of Vehumet.
  5003 | D:5      | Entered Level 5 of the Dungeon
  5016 | D:5      | Reached skill level 6 in Shields
  5365 | D:5      | Found a white marble altar of Elyvilon.
  5409 | D:5      | Reached XP level 8. HP: 25/61 MP: 8/8
  5637 | D:5      | Found a staircase to the Ecumenical Temple.
  5652 | D:5      | Mangled by an ice beast

Vault maps used:
D:1:      scummos_arrival_simple_crosswalls, minmay_parallelograms,
          hangedman_decor_lopped, serial_bayou_pond_c
D:2:      wad_lake_hut, uniq_terence
D:3:      feat_on_display
D:4:      overflow_temple_1_default, lemuel_round_altar, serial_shops, shop,
          nicolae_shop_stone, minmay_stone_trees_medium, uniq_grinder
D:5:      old_standard_altar, minmay_temple_entry_mist, first_ration,
          uniq_crazy_yiuf_cottage

Skill      XL: |  1  2  3  4  5  6  7  8 |
---------------+-------------------------+-----
Shields        | 4 5 6 |  6.3
Axes           | 3 4 |  4.7
Dodging        | 1 2 |  2.4
Armour         | 4 |  4.7
Fighting       | 4 |  4.6
Crossbows      | 1 2 |  2.2

Action                   |  1- 3 |  4- 6 |  7- 9 || total
-------------------------+-------+-------+-------++-------
Melee: War axe           |   114 |   127 |    82 ||   323
  Use: Potion            |       |     2 |       ||     2
  Eat: Chunk             |     1 |     9 |     2 ||    12
       Ration            |       |       |     1 ||     1
Armor: Scale mail        |    52 |    46 |    20 ||   118
Dodge: Dodged            |    36 |    48 |    34 ||   118
Block: Shield            |    58 |    76 |    41 ||   175

Table legend:
 A = Spawn XP
 B = Non-spawn XP
 C = Spawn XP percentage of total XP
 D = Spawn monster count
 E = Non-spawn monster count
 F = Spawn count percentage of total count
 G = Total turns spent on level
                    A         B        C        D         E        F      G
               +---------+---------+-------+---------+---------+-------+---------
         Total |       0 |    1147 |   0.0 |       0 |      87 |   0.0 |  5652
               +---------+---------+-------+---------+---------+-------+---------
           D:1 |       0 |      49 |   0.0 |       0 |      27 |   0.0 |  1117
           D:2 |       0 |      69 |   0.0 |       0 |      19 |   0.0 |  1325
           D:3 |       0 |      99 |   0.0 |       0 |      23 |   0.0 |  1441
           D:4 |       0 |     515 |   0.0 |       0 |      10 |   0.0 |  1120
           D:5 |       0 |     415 |   0.0 |       0 |       8 |   0.0 |   649
               +---------+---------+-------+---------+---------+-------+---------
